 Dungeon Crawl Stone Soup version 0.30-a0-476-g330ca2eb8e (webtiles) character file.

Game seed: 15894438738550220499

6 HoaS the Shooter (level 1, -5/12 HPs)
             Began as a Tengu Hunter on Dec 21, 2022.
             Slain by a gnoll
             ... wielding a +0 flail
              (6 damage)
             ... on level 1 of the Dungeon.
             The game lasted 00:00:30 (178 turns).

HoaS the Shooter (Tengu Hunter)                      Turns: 178, Time: 00:00:31

Health: -5/12      AC:  3    Str:  9 (11) XL:     1   Next: 90%
Magic:  2/2        EV: 12    Int:  7 (9)  God:
Gold:   35         SH:  0    Dex: 15 (17) Spells: 0/0 levels left

rFire   . . .      SeeInvis .    a - +0 shortbow
rCold   . . .      Faith    .    (shield currently unavailable)
rNeg    . . .      Spirit   .    c - +0 leather armour
rPois   .          Reflect  .    (helmet restricted)
rElec   .          Harm     .    (no cloak)
rCorr   .          Rampage  .    (no gloves)
Will    .....                    (boots unavailable)
Stlth   +.........               (no amulet)
HPRegen 0.22/turn                (no ring)
MPRegen 0.08/turn                (no ring)

@: flying
A: beak, talons 3
a: no special abilities


You were on level 1 of the Dungeon.
You visited 1 branch of the dungeon, and saw 1 of its levels.

You collected 35 gold pieces.

Inventory:

Hand Weapons
 a - a +0 shortbow (weapon)
Armour
 c - a +0 leather armour (worn)
Scrolls
 b - a scroll of immolation
 e - a scroll of fear {unknown}
 g - a scroll of identify {unknown}


   Skills:
 - Level 2.0 Fighting
 + Level 4.8 Ranged Weapons
 - Level 2.1 Dodging
 - Level 1.0 Stealth


You couldn't memorise any spells.
You didn't know any spells.
Your spell library contained the following spells:

 Spells                   Type           Power      Damage    Failure   Level
 Sting                    Tmut/Pois      0%         1d3       54%         1
 Poisonous Vapours        Pois/Air       0%         N/A       69%         2
 Olgreb's Toxic Radiance  Pois           0%         N/A       100%        4


Dungeon Overview and Level Annotations

Branches:
Dungeon (1/15)

Altars:


Innate Abilities, Weirdness & Mutations

You have a beak for a mouth.
You have claws for feet.


Message History

A rat is nearby!
A rat is nearby!
A rat is nearby!
You shoot an arrow. The arrow hits the rat!
You kill the rat!
No target in view!
No target in view!
A gnoll comes into view. It is wielding a +0 flail.
You see here a bubbling orange potion.
A gnoll is nearby!
A gnoll is nearby!
A gnoll is nearby!
Your line of fire to the gnoll is blocked by a plant.
Your line of fire to the gnoll is blocked by a plant.
Your line of fire to the gnoll is blocked by a plant.
The gnoll shouts!
You see here a +0 trident.
You see here a giant cockroach corpse.
You shoot an arrow. The arrow closely misses the gnoll.
You shoot an arrow.
The arrow hits the gnoll but does no damage.
You shoot an arrow. The arrow hits the gnoll.
The gnoll is lightly wounded.
You shoot an arrow.
The arrow hits the gnoll but does no damage.
The gnoll is lightly wounded.
You shoot an arrow. The arrow barely misses the gnoll.
The gnoll barely misses you. The gnoll hits you with a +0 flail!
Ouch! That really hurt!
* * * LOW HITPOINT WARNING * * *
You are too injured to fight recklessly!
It was a potion of flight.
You feel very buoyant.
You fly up into the air.
The gnoll closely misses you.
It was a potion of degeneration.
There was something very wrong with that liquid.
You feel weakened.
You feel dopey.
You feel clumsy. The gnoll hits you with a +0 flail.
Ouch! That really hurt!
You die...

##.#~# #...#..#...[.##......PPP
#8.### #.#.#.#.................
##.#≈≈ #.#.#................PP.
##'##≈.###.#..................P.P
#8.8#≈.........................P.
#...#≈###.......................P
'...#≈...........................
#...#≈###...........†..........#
#8.>#≈##.......#@g.......).!..##
#####≈#..##....##.....##.....##
≈≈≈≈≈≈...#####################
.......### ########


You could see a gnoll.

Vanquished Creatures
  An endoplasm (D:1)
  A giant cockroach (D:1)
  A hobgoblin (D:1)
  3 rats (D:1)
6 creatures vanquished.

Vanquished Creatures (others)
  3 plants (D:1)
3 creatures vanquished.

Grand Total: 9 creatures vanquished

Notes
Turn   | Place    | Note
-------+----------+-------------------------------------------
     0 | D:1      | HoaS the Tengu Hunter began the quest for the Orb.
     0 | D:1      | Reached XP level 1. HP: 12/12 MP: 2/2
   178 | D:1      | Slain by a gnoll

Illustrated notes

Levels and vault maps discovered:
D:1:      saegor_arrival_fortress, layout_rooms, serial_shops, shop_statue,
          nicolae_grassy_gnolls

Action                   || total
-------------------------++-------
 Fire: Shortbow          ||    21
  Use: Potion            ||     2
Armor: Leather armour    ||     2
Dodge: Dodged            ||    12

Table legend: (Time is in decaauts)
 A = Elapsed time spent in this place.
 B = Non-inter-level travel time spent in this place.
 C = Inter-level travel time spent in this place.
 D = Time resting spent in this place.
 E = Time spent auto-exploring this place.
 F = Levels seen in this place.
 G = Mean time per level.
                   A        B        C        D        E       F      G
               +--------+--------+--------+--------+--------+-----+--------+
         Total |    185 |    185 |      0 |     32 |     91 |   1 |  185.0 |
       Dungeon |    185 |    185 |      0 |     32 |     91 |   1 |  185.0 |
               +--------+--------+--------+--------+--------+-----+--------+

Top non-repeatable levels by time:
     D:1: 185 daAuts
